 Dungeon Crawl Stone Soup version 0.16.1-30-g34a7ffa (webtiles) character file.

119 thet the Cudgeler (level 4, 0/44 HPs)
             Began as a Troll Fighter on June 27, 2015.
             Slain by Sigmund
             ... wielding a +0 scythe
              (11 damage)
             ... on level 2 of the Dungeon.
             The game lasted 00:04:26 (1366 turns).

thet the Cudgeler (Troll Fighter)                   Turns: 1366, Time: 00:04:26

Health: 0/44       AC:  5    Str: 25    XL:     4   Next: 74%
Magic:  2/2        EV:  7    Int:  4    God:
Gold:   119        SH:  0    Dex:  9    Spells: 0 memorised, 3 levels left

rFire  . . .     SeeInvis .     a - +0 flail
rCold  . . .     Clarity  .     b - +0 robe
rNeg   . . .     SustAb   .     c - +0 shield
rPois  +         Gourm    +     (helmet restricted)
rElec  .         Spirit   .     (no cloak)
rCorr  .         Warding  .     (gloves unavailable)
rMut   .         Stasis   .     (boots unavailable)
MR     .....                    (no amulet)
Stlth  +.........               (no ring)
                                n - ring of poison resistance

@: confused, not resistant to hostile enchantments, very unstealthy
A: unfitting armour, claws 3, fast metabolism 3, gourmand, regeneration 2,
shaggy fur 1, tough skin 2
a: no special abilities


You were on level 2 of the Dungeon.
You were full.

You visited 1 branch of the dungeon, and saw 2 of its levels.

You collected 119 gold pieces.

Inventory:

Hand weapons
 a - a +0 flail (weapon)
Armour
 b - a +0 robe (worn)
 c - a +0 shield (worn)
Jewellery
 n - a ring of poison resistance (left claw)
Scrolls
 i - a scroll of random uselessness {unknown}
 k - 3 scrolls of remove curse {unknown}
 o - a scroll of identify {unknown}
Potions
 e - a potion of might
 f - a potion of invisibility {unknown}
 g - 2 potions of curing {unknown}
 h - a potion of lignification {unknown}
 l - a potion of resistance {unknown}
 m - a potion of mutation {unknown}
Comestibles
 d - 2 meat rations
 j - a royal jelly


   Skills:
 - Level 2.4 Fighting
 + Level 4.4 Maces & Flails
 - Level 2.5 Armour
 - Level 0.1 Dodging
 - Level 2.4 Shields


You had 3 spell levels left.
You didn't know any spells.

Dungeon Overview and Level Annotations

Branches:
Dungeon (2/15)

Altars:

Annotations:
D:2 Sigmund


Innate Abilities, Weirdness & Mutations

You are too large for most types of armour.
You have claws for hands.
Your metabolism is lightning-fast.
You like to eat raw meat.
You heal very quickly.
You are covered in fur (AC +1).
You have very tough skin (AC +2).


Message History

You bump into the rock wall.
Sigmund hits you with a scythe!
You bump into the rock wall.
You bump into the rock wall.
Sigmund barely misses you.
You bump into the rock wall.
Sigmund hits you with a scythe.
You bump into the rock wall.
You bump into the rock wall.
Sigmund flickers, as though insubstantial.
Sigmund hits you with a scythe!
You bump into the rock wall.
You feel less confused. Sigmund gestures at you while chanting.
You are confused.
You hit Sigmund.
Sigmund is almost dead.
Sigmund hits you with a scythe!
You bump into the rock wall.
You bump into the rock wall.
Sigmund hits you with a scythe.
* * * LOW HITPOINT WARNING * * *
You bump into the rock wall.
Sigmund hits you with a scythe!
You die...

....... #..##.# #.. ......
#..##.. #.. .....# #..#### #..
....###..## . #.# ## #.......###
. #.# #.# .S #........## #.##.#
#.# #. #........## #..#.#
#.#####.#{##........# #.#.#
#.#..@@.#.#...<.....#
#####...####.#.#####.#.........#
..........................#....##
#........##.#.#######.#.##......
#......)......... #.#.##......
##............##### #.#.####.#.#
.'.........#..# # #.##.#.........
##............# .. ......###.##.#
##.........#.## #. ##.#.#...##.#


You could see Sigmund.

Vanquished Creatures
  3 gnolls (D:2)
  3 adders (D:2)
  A giant mite (D:1)
  A worm (D:2)
  An ooze (D:1)
  5 giant cockroaches
  4 goblins
  7 hobgoblins
  8 kobolds
  7 bats
  A giant newt (D:2)
  6 rats
47 creatures vanquished.

Notes
Turn   | Place    | Note
--------------------------------------------------------------
     0 | D:1      | thet, the Troll Fighter, began the quest for the Orb.
     0 | D:1      | Reached XP level 1. HP: 22/22 MP: 1/1
   162 | D:1      | Reached XP level 2. HP: 29/29 MP: 1/1
   504 | D:1      | Reached XP level 3. HP: 34/36 MP: 2/2
   521 | D:1      | Reached skill level 3 in Maces & Flails
   699 | D:2      | Reached XP level 4. HP: 42/44 MP: 2/2
   826 | D:2      | Reached skill level 4 in Maces & Flails
   871 | D:2      | Noticed Sigmund
  1366 | D:2      | Slain by Sigmund

Action                   |  1- 3 |  4- 6 || total
-------------------------+-------+-------++-------
Melee: Flail             |   123 |    59 ||   182
  Eat: Chunk             |     8 |     7 ||    15
